 Dungeon Crawl Stone Soup version 0.30-a0-394-g3e4acdb0ae (webtiles) character file.

Game seed: 5856634289967144929

6449 zishaf the Fighter (level 11, -1/89 HPs)
             Began as a Djinni Venom Mage on Dec 6, 2022.
             Was a High Priest of Makhleb.
             Slain by a killer bee (5 damage)
             ... on level 9 of the Dungeon.
             The game lasted 00:13:32 (8635 turns).

zishaf the Fighter (Djinni Venom Mage)              Turns: 8635, Time: 00:13:32

Health: -1/89      AC:  7    Str:  7    XL:     11   Next: 18%
Gold:   896        EV: 12    Int: 20    God:    Makhleb [*****.] SH:  0 Dex: 15

rFire   + + +      SeeInvis .    a - +7 sling of Beogh, Cursing {drain, rF+}
rCold   x . .      Faith    .    (no shield)
rNeg    . . .      Spirit   .    u - +0 steam dragon scales
rPois   ∞          Reflect  .    (no helmet)
rElec   .          Harm     .    (no cloak)
rCorr   .          Rampage  .    p - +1 pair of gloves
Will    +....                    (boots unavailable)
Stlth   ++........               (no amulet)
HPRegen 0.34/turn                (no ring)
MPRegen 0.00/turn                (no ring)

@: radiating poison, flying, slowed, very slow
A: sickness immunity, fire resistance 2, cold vulnerability 1, float, innate
caster, HP casting, extra vitality 1
a: Renounce Religion, Minor Destruction, Lesser Servant of Makhleb, Major
Destruction, Greater Servant of Makhleb


You were on level 9 of the Dungeon.
You worshipped Makhleb.
Makhleb was extremely pleased with you.
You visited 1 branch of the dungeon, and saw 9 of its levels.
You also visited: Ossuary.

You collected 896 gold pieces.

Inventory:

Hand Weapons
 a - the +7 sling of Beogh, Cursing (weapon) {drain, rF+}
   (You found it on level 7 of the Dungeon)

   A truly terrible weapon, it drains the life of any living foe it strikes.
   rF:        It protects you from fire.
 b - a +1 dagger of flaming
 m - a +1 dagger of venom
 n - a +2 vampiric dagger
Armour
 p - a +1 pair of gloves (worn)
 u - +0 steam dragon scales (worn)
Wands
 c - a wand of polymorph (11)
 i - a wand of mindburst (9)
 l - a wand of flame (11)
Scrolls
 f - a scroll of vulnerability
 j - a scroll of poison
 o - 2 scrolls of brand weapon
 r - a scroll of enchant armour
 t - 2 scrolls of fog
 w - a scroll of teleportation
 x - 2 scrolls of identify
Potions
 d - 2 potions of invisibility
 e - 6 potions of curing
 g - 2 potions of resistance
 h - 3 potions of cancellation
 k - 2 potions of mutation
 q - 2 potions of berserk rage
 s - 4 potions of might
 v - 4 potions of heal wounds


   Skills:
 + Level 11.8 Fighting
 - Level 2.1 Dodging
 - Level 1.5 Stealth
 + Level 9.5 Spellcasting
 * Level 7.2 Invocations


You had 6 spell levels left.
You knew the following spells:

 Your Spells              Type           Power      Damage    Failure   Level
a - Sting                 Tmut/Pois      100%       1d8       1%          1
b - Poisonous Vapours     Pois/Air       94%        N/A       1%          2
c - Stone Arrow           Conj/Erth      94%        3d12      1%          3
d - Shock                 Conj/Air       100%       1d9       1%          1
e - Dazzling Flash        Conj/Hex       94%        N/A       1%          3
f - Airstrike             Air            23%        2d(4-20)  1%          4
z - Mephitic Cloud        Conj/Pois/Air  47%        N/A       1%          3
A - Olgreb's Toxic Radia  Pois           47%        N/A       1%          4
B - Static Discharge      Conj/Air       94%        2-6/arc   1%          2
Your spell library was empty.

Dungeon Overview and Level Annotations

Branches:
Dungeon (9/15)             Temple (0/1) D:5         Ossuary (visited)
   Lair: D:8-11         Orc: D:9-12

Altars:
Makhleb
Ru
Trog
Wu Jian

Shops:
D:8 :

Portals:
Abyss: D:7

Annotations:
D:7 2 transporters, cowcol's ghost, novice DrBe


Innate Abilities, Weirdness & Mutations

You are immune to sickness and miasma.
You are immune to poison.
Your flesh is very heat resistant. (rF++)
You are vulnerable to cold. (rC-)
You float through the air rather than walking.
You learn spells naturally, not from books.
Your magical power is your life essence.
You have superior vitality. (+4 MHP)


Message History

The killer bee stings you but does no damage.
The wraith barely misses you.
Casting: Stone Arrow (safe; 1% risk of failure)
Confirm with . or Enter, or press ? or * to list all spells.
Aiming: Stone Arrow (safe; 1% risk of failure)
Press: ? - help, Shift-Dir - straight line, f/p - wraith
Aim: a wraith (moderately damaged, 76% to hit)
The stone arrow hits the wraith!
The wraith is severely damaged.
The killer bee barely misses you. The killer bee stings you.
The wraith hits you!
* * * LOW HITPOINT WARNING * * *
The wraith drains your vigour!
You feel as though you will be slow longer.
A killer bee comes into view.
The killer bee stings you.
* * * LOW HITPOINT WARNING * * *
Casting: Stone Arrow (safe; 1% risk of failure)
Confirm with . or Enter, or press ? or * to list all spells.
Aiming: Stone Arrow (safe; 1% risk of failure)
Press: ? - help, Shift-Dir - straight line, f/p - wraith
Aim: a wraith (severely damaged, 76% to hit)
The stone arrow hits the wraith!
You destroy the wraith!
Makhleb accepts your kill.
The killer bee buzzes angrily.
* * * LOW HITPOINT WARNING * * *
You hear an angry buzzing noise.
The killer bee stings you.
* * * LOW HITPOINT WARNING * * *
The killer bee closely misses you. The killer bee stings you.
* * * LOW HITPOINT WARNING * * *
Casting: Stone Arrow (safe; 1% risk of failure)
Confirm with . or Enter, or press ? or * to list all spells.
You begin to radiate toxic energy.
The killer bee is poisoned. x2
* * * LOW HITPOINT WARNING * * *
The killer bee looks even sicker. x2; The killer bee stings you!
* * * LOW HITPOINT WARNING * * *
The killer bee stings you.
You die...

.. ♣♣ .. ♣. #####
###'##. ....##
#..... .....#
#....♣ (....#
#....♣ .....#
#...y♣♣ .....#
#...♣@♣ ..[..#
#..♣♣♣y..# .##.##
#.#♣ †.♣#
############.#♣
...#
..............♣
.♣.##
..>...........♣
.~.#T#
..............♣ ~~
#cc#
..............♣♣.~~
#.
#####'##....##...


You could see a troll, 2 centaurs and 2 killer bees.

Vanquished Creatures
  A two-headed ogre (D:9)
  2 hornets (D:8)
  A shadow (D:8)
  A wraith (D:9)
  2 yaks (D:8)
  A wyvern (D:6)
  A steam dragon (D:7)
  2 water moccasins
  2 orc warriors
  2 black bears
  3 sky beasts
  2 ice beasts
  2 centaurs (D:7)
  An ogre (D:6)
  2 phantoms
  2 kobold brigands (D:8)
  2 bullfrogs
  2 necrophages
  3 scorpions
  A wight (D:8)
  27 killer bees
  6 howler monkeys
  3 jellies
  7 orc priests
  4 hounds
  2 gnoll boudas
  An iguana (D:4)
  4 orc wizards
  3 mummies (Ossuary)
  10 gnolls
  10 adders
  2 shadow imps (D:8)
  2 ufetubi
  2 adder zombies (Ossuary)
  A worm (D:4)
  A dart slug (D:1)
  34 orcs
  6 endoplasms
  5 giant cockroaches
  2 gnoll zombies (Ossuary)
  6 goblins
  7 hobgoblins
  4 jackals (D:2)
  12 kobolds
  2 quokkas
  6 ball pythons
  3 bats
  5 frilled lizards
  A goblin zombie (Ossuary)
  3 hobgoblin zombies (Ossuary)
  A kobold zombie (Ossuary)
  An orc zombie (Ossuary)
  2 quokka zombies (Ossuary)
  4 rats (D:1)
  6 rat zombies (Ossuary)
230 creatures vanquished.

Notes
Turn   | Place    | Note
-------+----------+-------------------------------------------
     0 | D:1      | zishaf the Djinni Venom Mage began the quest for the Orb.
     0 | D:1      | zishaf set off with the following spells memorised: Sting,
                  | Poisonous Vapours, Mephitic Cloud, Olgreb's Toxic Radiance.
     0 | D:1      | Reached XP level 1. HP: 15/15 MP: 0/0
   144 | D:1      | Reached skill level 1 in Fighting
   144 | D:1      | Reached XP level 2. HP: 16/22 MP: 0/0
   256 | D:1      | Reached XP level 3. HP: 1/27 MP: 0/0
   256 | D:1      | Learned a level 1 spell: Shock
  1215 | D:2      | Reached skill level 2 in Fighting
  1321 | D:2      | Reached XP level 4. HP: 26/33 MP: 0/0
  1504 | D:2      | Found a faded altar of an unknown god.
  1518 | D:2      | Prayed at the altar of an unknown god.
  1518 | D:2      | Became a worshipper of Makhleb the Destroyer
  1518 | D:2      | Reached * piety under Makhleb
  2145 | D:3      | Reached skill level 8 in Fighting
  2145 | D:3      | Reached XP level 5. HP: 49/49 MP: 0/0
  2145 | D:3      | Learned a level 2 spell: Static Discharge
  2146 | D:3      | Reached skill level 10 in Fighting
  2146 | D:3      | Reached XP level 6. HP: 58/58 MP: 0/0
  2649 | D:3      | Reached ** piety under Makhleb
  3063 | D:4      | Reached XP level 7. HP: 47/64 MP: 0/0
  3063 | D:4      | Learned a level 3 spell: Stone Arrow
  3193 | D:4      | Found a sacrificial altar of Ru.
  3200 | D:4      | Found an ornate altar of the Wu Jian Council.
  3263 | D:4      | Reached skill level 1 in Invocations
  3786 | D:5      | Entered Level 5 of the Dungeon
  3791 | D:5      | Reached XP level 8. HP: 69/70 MP: 0/0
  3902 | D:5      | Found a staircase to the Ecumenical Temple.
  5001 | D:6      | Found a sand-covered staircase.
  5030 | Ossuary  | Entered an ossuary
  5396 | D:6      | Reached XP level 9. HP: 75/75 MP: 0/0
  5396 | D:6      | Learned a level 3 spell: Dazzling Flash
  5399 | D:6      | Found a bloodstained altar of Trog.
  5666 | D:6      | Reached skill level 11 in Fighting
  6132 | D:7      | Reached *** piety under Makhleb
  6546 | D:7      | Found a transporter.
  6691 | D:7      | Found a transporter.
  6704 | D:7      | Noticed a rakshasa
  6709 | D:7      | Found a one-way gate to the infinite horrors of the Abyss.
  6709 | D:7      | Noticed cowcol's ghost (novice DrBe)
  6822 | D:7      | Reached skill level 5 in Invocations
  6837 | D:7      | Reached **** piety under Makhleb
  6838 | D:7      | Reached XP level 10. HP: 55/83 MP: 0/0
  7029 | D:7      | Identified the +7 sling of Beogh, Cursing {drain, rF+}
  7641 | D:8      | Found Weask's Book Shop.
  8291 | D:9      | Noticed a two-headed ogre
  8301 | D:9      | Killed a two-headed ogre
  8304 | D:9      | Reached XP level 11. HP: 65/89 MP: 0/0
  8304 | D:9      | Learned a level 4 spell: Airstrike
  8463 | D:9      | Reached ***** piety under Makhleb
  8635 | D:9      | HP: 4/89 [killer bee (7)]
  8635 | D:9      | Slain by a killer bee

Illustrated notes

Levels and vault maps discovered:
D:1:      dpeg_arrival_pond, layout_basic, minivault_14
D:2:      layout_loops_cross, hellmonk_ecumenical_altar_dog_temple, hex_tiny
D:3:      layout_loops_ring, minmay_misc_feat_diagonals
D:4:      layout_basic, mainiacjoe_overflow_big_doors
D:5:      layout_basic, minmay_temple_entry_glass
D:6:      layout_loops_corners, lemuel_coloured_pillars_altar,
          nicolae_ossuary_entry_monument
D:7:      layout_gridville, gammafunk_ghost_abyssal_escape
D:8:      minmay_polygon_palace, layout_cave_pools, serial_shops,
          nicolae_lakefront_shop
D:9:      wad_woods_minihive, layout_gridville, uniq_amaemon

Skill      XL: |  1  2  3  4  5  6  7  8  9 10 11 |
---------------+----------------------------------+-----
Fighting       | 1 2 8 10 11 | 11.8
Spellcasting   | 3 7 8 9 |  9.5
Invocations    | 1 3 5 6 7 |  7.2
Dodging        | |  2.1
Stealth        | |  1.5

Action                   |  1- 3 |  4- 6 |  7- 9 | 10-12 || total
-------------------------+-------+-------+-------+-------++-------
Melee: Unarmed           |     1 |       |       |       ||     1
       Dagger            |       |     9 |    73 |     1 ||    83
 Fire: Sling             |       |       |       |    82 ||    82
 Cast: Sting             |    61 |    45 |     1 |       ||   107
       Poisonous Vapours |     8 |    19 |    51 |     2 ||    80
       Shock             |       |     3 |       |       ||     3
       Olgreb's Toxic Ra |       |     2 |    16 |    17 ||    35
       Stone Arrow       |       |       |    63 |    34 ||    97
       Mephitic Cloud    |       |       |     1 |     2 ||     3
       Dazzling Flash    |       |       |     4 |       ||     4
  Use: Scroll            |       |    15 |     9 |     2 ||    26
       Potion            |       |     2 |       |       ||     2
 Stab: Sleeping          |       |       |     2 |       ||     2
Armor: Robe              |     4 |    10 |    14 |       ||    28
       Steam dragon scal |       |       |     3 |    23 ||    26
Dodge: Dodged            |    14 |    19 |    84 |    46 ||   163

Table legend: (Time is in decaauts)
 A = Elapsed time spent in this place.
 B = Non-inter-level travel time spent in this place.
 C = Inter-level travel time spent in this place.
 D = Time resting spent in this place.
 E = Time spent auto-exploring this place.
 F = Levels seen in this place.
 G = Mean time per level.
                   A        B        C        D        E       F      G
               +--------+--------+--------+--------+--------+-----+--------+
         Total |   8666 |   8391 |    275 |    330 |   6642 |  10 |  866.6 |
       Dungeon |   8391 |   8116 |    275 |    192 |   6642 |   9 |  932.3 |
       Ossuary |    275 |    275 |      0 |    138 |      0 |   1 |  275.0 |
               +--------+--------+--------+--------+--------+-----+--------+

Top non-repeatable levels by time:
     D:7: 1318 daAuts
     D:1: 1190 daAuts
     D:6: 1019 daAuts
     D:5: 987 daAuts
     D:2: 956 daAuts
     D:8: 891 daAuts
     D:4: 866 daAuts
     D:3: 772 daAuts
     D:9: 388 daAuts
 Ossuary: 275 daAuts
